 Dungeon Crawl Stone Soup version 0.29-a0-298-g3c90f9a769 (webtiles) character file.

Game seed: 6171707777464734534

177 Dabor the Stinger (level 5, 0/28 HPs)
             Began as a Deep Elf Venom Mage on Mar 23, 2022.
             Was a Believer of Cheibriados.
             Slain by a phantom (1 damage)
             ... on level 3 of the Dungeon.
             The game lasted 00:05:09 (2881 turns).

Dabor the Stinger (Deep Elf Venom Mage)             Turns: 2881, Time: 00:05:09

Health: 0/28       AC:  4    Str:  9    XL:     5   Next: 31%
Magic:  0/13       EV: 13    Int: 26    God:    Cheibriados [**....]
Gold:   74         SH:  0    Dex: 19    Spells: 9/12 levels left

rFire   . . .      SeeInvis .   (no weapon)
rCold   . . .      Faith    .   (no shield)
rNeg    . . .      Spirit   .   a - +0 robe
rPois   .          Reflect  .   (no helmet)
rElec   .          Harm     .   k - +1 cloak
rCorr   .          Rampage  .   (no gloves)
Will    .....                   (no boots)
Stlth   +++.......              (no amulet)
HPRegen 0.09/turn               (no ring)
MPRegen 0.13/turn               (no ring)

@: brilliant, very slow
A: no striking features
a: Renounce Religion, Bend Time


You were on level 3 of the Dungeon.
You worshipped Cheibriados.
Cheibriados was pleased with you.
You visited 1 branch of the dungeon, and saw 3 of its levels.

You collected 74 gold pieces.

Inventory:

Armour
 a - a +0 robe (worn)
 c - a +1 leather armour of fire resistance
 k - a +1 cloak (worn)
Scrolls
 e - 3 scrolls of identify {unknown}


   Skills:
 - Level 2.8 Dodging
 - Level 3.0 Stealth
 + Level 4.2 Spellcasting
 + Level 2.5 Transmutations
 * Level 4.7 Poison Magic
 + Level 1.7 Invocations


You had 9 spell levels left.
You knew the following spells:

 Your Spells              Type           Power      Damage    Failure   Level
a - Sting                 Tmut/Pois      100%       1d8       1%          1
b - Poisonous Vapours     Pois/Air       52%        N/A       4%          2

Your spell library contained the following spells:

 Spells                   Type           Power      Damage    Failure   Level
 Passwall                 Tmut/Erth      15%        N/A       8%          2
 Magic Dart               Conj           32%        1d4       9%          1
 Olgreb's Toxic Radiance  Pois           45%        N/A       12%         4
 Call Imp                 Summ           8%         N/A       13%         2
 Ensorcelled Hibernation  Hex/Ice        16%        N/A       13%         2
 Scorch                   Fire           16%        2d5       13%         2
 Mephitic Cloud           Conj/Pois/Air  20%        N/A       13%         3
 Swiftness                Air            8%         N/A       26%         3
 Flame Wave               Conj/Fire      8%         2d5       63%         4
 Summon Cactus Giant      Summ           4%         N/A       100%        6


Dungeon Overview and Level Annotations

Branches:
Dungeon (3/15)

Altars:
Cheibriados

Shops:
D:1 *


Message History

The phantom is severely damaged.
The phantom misses you.
You hit the phantom but do no damage.
You punch the phantom, but do no damage.
The phantom is severely damaged.
The phantom hits you but does no damage.
You closely miss the phantom.
You punch the phantom, but do no damage.
The phantom is severely damaged.
The phantom barely misses you.
You hit the phantom but do no damage.
The phantom is severely damaged.
The phantom closely misses you.
You hit the phantom.
The phantom is severely damaged.
The phantom hits you but does no damage.
You miss the phantom.
The phantom is severely damaged.
The phantom closely misses you.
Casting: Sting (safe; 1% risk of failure)
Confirm with . or Enter, or press ? or * to list all spells.
Aiming: Sting (safe; 1% risk of failure)
Press: ? - help, Shift-Dir - straight line, f/p - phantom
Aim: a phantom (severely damaged, 69% to hit)
You feel a surge of power!
The sting misses the phantom.
The phantom hits you.
* * * LOW HITPOINT WARNING * * *
The phantom blinks!
You blink.
You closely miss the phantom.
The phantom is severely damaged.
The phantom hits you.
* * * LOW HITPOINT WARNING * * *
The phantom blinks!
You blink.
You barely miss the phantom.
The phantom is severely damaged.
The phantom closely misses you.
You hit the phantom.
You punch the phantom, but do no damage.
The phantom is severely damaged.
The phantom hits you.
You die...

###....÷..###....,,,
##..........#*>,,,
#..........#*,,,,
###......####****
#######............***
#.......)....#.###.,,,
#####.####...##..#...,,<**
#....,####.####...####*,,*
#...###..@.# #.#...* **,,
#.......W.## #.###.#* **,
#...#.....# #.#**..#****
#...#....## *..***..,,**
#§......## **,* ****,*
####§.#.# *,** ****
*#..#.# **,,* **≈≈
***#..##.# *,,,* ***≈≈≈
******.....##.#
*,,,***≈≈≈≈≈


You could see a phantom.

Vanquished Creatures
  A scorpion (D:2)
  Crazy Yiuf (D:2)
  4 adders
  A worm (D:2)
  2 dart slugs
  2 orcs
  4 bats
  6 endoplasms
  A giant cockroach (D:1)
  5 goblins
  5 hobgoblins
  4 quokkas
  4 ball pythons
  3 frilled lizards
  A kobold (D:3)
  2 rats (D:1)
46 creatures vanquished.

Notes
Turn   | Place    | Note
-------+----------+-------------------------------------------
     0 | D:1      | Dabor the Deep Elf Venom Mage began the quest for the Orb.
     0 | D:1      | Reached XP level 1. HP: 10/10 MP: 6/6
   181 | D:1      | Reached XP level 2. HP: 15/15 MP: 6/8
   434 | D:1      | Found a faded altar of an unknown god.
   436 | D:1      | Found Barph's General Store.
   891 | D:1      | Prayed at the altar of an unknown god.
   891 | D:1      | Became a worshipper of Cheibriados the Contemplative
   891 | D:1      | Reached * piety under Cheibriados
   941 | D:1      | Learned a level 2 spell: Poisonous Vapours
   963 | D:2      | Reached XP level 3. HP: 19/19 MP: 5/9
  1083 | D:2      | Noticed a scorpion
  1088 | D:2      | Killed a scorpion
  1089 | D:2      | Reached skill level 1 in Invocations
  1089 | D:2      | Reached XP level 4. HP: 24/24 MP: 5/11
  1458 | D:2      | Found a runed translucent door.
  1459 | D:2      | Noticed Crazy Yiuf
  2290 | D:2      | Killed Crazy Yiuf
  2291 | D:2      | Reached XP level 5. HP: 15/28 MP: 8/13
  2514 | D:3      | Reached ** piety under Cheibriados
  2818 | D:3      | Noticed a phantom
  2879 | D:3      | HP: 1/28 [phantom (3)]
  2881 | D:3      | Slain by a phantom

Illustrated notes

Levels and vault maps discovered:
D:1:      wander_arrival_fairy_ring, layout_basic, serial_shops, shop,
          hellmonk_ecumenical_altar_run_dry
D:2:      layout_basic, minmay_tripent, uniq_crazy_yiuf_cottage
D:3:      layout_rooms, chequers_serial_rivers_large_a

Skill      XL: |  1  2  3  4 |
---------------+-------------+-----
Stealth        | 3 |  3.0
Transmutations | 2 |  2.5
Poison Magic   | 4 |  4.7
Invocations    | 1 |  1.7
Spellcasting   | 4 |  4.2
Dodging        | |  2.8

Action                   |  1- 3 |  4- 6 || total
-------------------------+-------+-------++-------
Melee: Unarmed           |       |    17 ||    17
       Punch             |       |     3 ||     3
 Cast: Sting             |    44 |    85 ||   129
       Poisonous Vapours |     2 |     4 ||     6
  Use: Scroll            |       |     5 ||     5
       Potion            |       |     4 ||     4
Armor: Robe              |     8 |    14 ||    22
Dodge: Dodged            |     8 |    40 ||    48

Table legend: (Time is in decaauts)
 A = Elapsed time spent in this place.
 B = Non-inter-level travel time spent in this place.
 C = Inter-level travel time spent in this place.
 D = Time resting spent in this place.
 E = Time spent auto-exploring this place.
 F = Levels seen in this place.
 G = Mean time per level.
                   A        B        C        D        E       F      G
               +--------+--------+--------+--------+--------+-----+--------+
         Total |   3253 |   3166 |     87 |    201 |   2545 |   3 | 1084.3 |
       Dungeon |   3253 |   3166 |     87 |    201 |   2545 |   3 | 1084.3 |
               +--------+--------+--------+--------+--------+-----+--------+

Top non-repeatable levels by time:
     D:2: 1840 daAuts
     D:1: 974 daAuts
     D:3: 438 daAuts
